 Dungeon Crawl Stone Soup version 0.32-a0-616-g9348d4545b (webtiles) character file.

Game seed: 6225635228206677487

50137 ragingrage the Fencer (level 14, -3/93 HPs)
             Began as a Human Chaos Knight on Mar 5, 2024.
             Was a Plaything of Xom.
             Slain by a boulder beetle (40 damage)
             ... on level 5 of the Lair of Beasts.
             The game lasted 00:27:52 (18463 turns).

ragingrage the Fencer (Human Chaos Knight)         Turns: 18463, Time: 00:27:53

Health: -3/93      AC: 18    Str: 17    XL:     14   Next: 53%
Magic:  3/20       EV: 18    Int: 12    God:    Xom [.*....]
Gold:   626        SH:  4    Dex: 12    Spells: 7/21 levels left

rFire   . . .        a - +9 triple sword (drain)
rCold   + . .        (shield currently unavailable)
rNeg    + . .        X - +5 ring mail of the Enormous God {rN+ Regen+ Dex-2 SInv}
rPois   .            d - +2 hat
rElec   .            J - +2 cloak
rCorr   .            V - +2 pair of gloves
SInv    +            (no boots)
Will    +....        (no amulet)
Stlth   +            Q - ring of protection from cold
HPRegen 1.15/turn    u - +5 ring of evasion
MPRegen 0.17/turn

%: no passive effects
@: lethally poisoned (-3 -> -10)
A: explore regen, large bone plates 1, clumsy 1, passive freeze, sense
surroundings 2, screaming 1, strong 1, wild magic 1, inability to drink after
injury 1
a: Renounce Religion


You were on level 5 of the Lair of Beasts.
You worshipped Xom.
You were a plaything of Xom.
You visited 2 branches of the dungeon, and saw 16 of its levels.
You also visited: Bailey.

You collected 1229 gold pieces.
You spent 603 gold pieces at shops.

Inventory:

Hand Weapons
 a - a +9 triple sword of draining (weapon)
 b - a +2 dagger of venom
 c - the +0 shortbow of Moral Flaws {heavy, rPois Dex+4}
   (You found it on level 7 of the Dungeon)

   Dex+4:     It affects your dexterity (+4).
   rPois:     It protects you from poison.
Missiles
 q - 37 poisoned darts
 w - 15 boomerangs
 E - 8 atropa-tipped darts
 W - a curare-tipped dart
Armour
 d - a +2 hat (worn)
 J - a +2 cloak (worn)
 V - a +2 pair of gloves (worn)
 X - the +5 ring mail of the Enormous God (worn) {rN+ Regen+ Dex-2 SInv}
   (You bought it in a shop on level 6 of the Dungeon)

   Dex-2:     It affects your dexterity (-2).
   rN+:       It protects you from negative energy.
   SInv:      It lets you see invisible.
   Regen+:    It increases your rate of health regeneration.
Jewellery
 j - a +6 ring of dexterity
 m - a ring of positive energy
 u - a +5 ring of evasion (right hand)
 v - a ring of wizardry
 N - a ring of poison resistance
 Q - a ring of protection from cold (left hand)
Wands
 r - a wand of roots (9)
 G - a wand of paralysis (8)
 L - a wand of flame (16)
 Y - a wand of acid (2)
Scrolls
 e - 2 scrolls of enchant armour
 f - a scroll of fear
 g - 5 scrolls of noise
 h - a scroll of summoning
 k - 2 scrolls of poison
 p - 4 scrolls of fog
 t - 2 scrolls of vulnerability
 y - 2 scrolls of teleportation
 B - a scroll of torment {unknown}
 C - 3 scrolls of immolation
 D - a scroll of revelation {unknown}
 H - a scroll of amnesia
 K - a scroll of butterflies
 Z - 2 scrolls of silence {unknown}
Potions
 l - 7 potions of curing
 n - 4 potions of magic
 o - 2 potions of haste {unknown}
 s - 5 potions of attraction {unknown}
 x - 7 potions of invisibility
 z - 5 potions of lignification {unknown}
 A - 2 potions of enlightenment
 I - 2 potions of cancellation {unknown}
 M - 2 potions of resistance {unknown}
 O - 2 potions of degeneration {unknown}
 P - 2 potions of brilliance {unknown}
 R - 5 potions of might {unknown}
 S - a potion of experience {unknown}
 T - 6 potions of heal wounds {unknown}
 U - 2 potions of mutation {unknown}
Miscellaneous
 i - a lightning rod (4/4)


   Skills:
 + Level 3.4 Fighting
 + Level 19.2 Long Blades
 + Level 2.5 Armour
 + Level 8.2 Dodging
 - Level 2.0 Stealth
 - Level 4.0 Spellcasting
 - Level 4.0 Conjurations
 + Level 1.3 Necromancy
 - Level 10.0 Translocations
 - Level 4.0 Air Magic
 - Level 5.0 Alchemy


You had 7 spell levels left.
You knew the following spells:

 Your Spells              Type           Power      Damage    Failure   Level
a - Mephitic Cloud        Conj/Alch/Air  16%        N/A       28%         3
b - Manifold Assault      Tloc           34%        N/A       10%         4
c - Vhi's Electric Charg  Tloc/Air       48%        N/A       30%         4
d - Fugue of the Fallen   Necr           7%         N/A       65%         3

Your spell library contained the following spells:

 Spells                   Type           Power      Damage    Failure   Level
 Kiss of Death            Conj/Necr      44%        2d8       19%         1
 Necrotise                Necr           28%        1d5       30%         1
 Dazzling Flash           Conj/Hex       18%        N/A       54%         3
 Hailstorm                Conj/Ice       9%         3d6       54%         3
 Vampiric Draining        Necr           7%         2d6       65%         3
 Confusing Touch          Hex            3%         N/A       82%         3
 Ozocubu's Armour         Ice            3%         N/A       82%         3
 Summon Ice Beast         Ice/Summ       3%         N/A       82%         3
 Animate Dead             Necr           7%         N/A       95%         4
 Dispel Undead            Necr           7%         3d8       95%         4
 Arcjolt                  Conj/Air       7%         1d17      95%         5
 Martyr's Knell           Necr/Summ      5%         N/A       98%         4
 Silence                  Hex/Air        4%         N/A       99%         5
 Curse of Agony           Necr           7%         N/A       100%        5
 Conjure Ball Lightning   Conj/Air       7%         3x3d6     100%        6
 Plasma Beam              Fire/Air       4%         2x1d14    100%        6
 Sculpt Simulacrum        Ice/Alch       5%         N/A       100%        6
 Starburst                Conj/Fire      4%         6d4       100%        6
 Haunt                    Necr/Summ      2%         N/A       100%        7
 Infestation              Necr           3%         N/A       100%        8


Dungeon Overview and Level Annotations

Branches:
Dungeon (11/15)            Temple (0/1) D:5            Lair (5/5) D:8
 Shoals (0/4) Lair:3       Spider (0/4) Lair:3        Slime (0/5) Lair:4
 Bailey (visited)
    Orc: D:9-12

Altars:
Ashenzari
Elyvilon
Hepliaklqana
Kikubaaqudgha
Okawaru
Uskayaw
Wu Jian
Xom
Yredelemnul
Zin
Jiyva

Shops:
D:6 *

Portals:
Ice
Cave: Lair:5

Annotations:
D:4 2 transporters
Lair:2 2 transporters
Lair:5 Rupert


Innate Abilities, Weirdness & Mutations

You regain HP and MP as you explore.
You are partially covered in large bone plates. (SH +4)
You are clumsy. (Dex -2)
A frigid envelope surrounds you and freezes all who hurt you.
You passively map the area around you.
You occasionally shout uncontrollably at your foes.
Your muscles are strong. (Str +4, Int/Dex -1)
Your spells are a little harder to cast, but a little more powerful.
You occasionally lose the ability to drink potions when taking damage.


Message History

You completely miss the komodo dragon.
The water moccasin bites you but does no damage.
The water moccasin is very cold.
The water moccasin seems to slow down.
The komodo dragon misses you.
You chop the komodo dragon into pieces!!!
You kill the komodo dragon!
The water moccasin misses you.
A wyvern comes into view.
You barely miss the water moccasin.
The water moccasin bites you but does no damage.
The water moccasin is very cold.
The water moccasin seems to slow down.
The boulder beetle leaps!
You hit the elephant simulacrum but do no damage.
The water moccasin closely misses you.
You slice the elephant simulacrum!!
The elephant simulacrum vaporises!
The water moccasin bites you!
You are poisoned.
The water moccasin poisons you!
The water moccasin is very cold.
The boulder beetle curls into a ball and begins rolling!
You don't have enough magic to cast this spell.
Unknown command.
You don't have enough magic to cast this spell.
You hit the water moccasin.
You feel very sick.
The water moccasin completely misses you.
You barely miss the water moccasin.
You feel sick.
You completely miss the water moccasin.
You feel sick. The wyvern misses you. The water moccasin bites you.
You are more poisoned.
The water moccasin poisons you!
The water moccasin is very cold.
You kill the water moccasin!
You slice the wyvern!!
You kill the wyvern!
You feel very sick.
You slice the boulder beetle!!
You feel very sick. The boulder beetle hits you!!!
You die...
Xom thinks this is hilarious!

#........#...#.......
###.......######.._....
##.#.......# #........
#.#........# ###......
#.#....†..# #.......
#.......## #.......
##.....†# #.......
#.......# ##......
*##..†@..# #.......
#.....B..# #P..._..
##....°..#* #...^...
#....°...# #....... *
#.....°..... #.......
#......∩....., ..../..
,* ............... , ,
, ...#........... ~ , ,
,,


You could see a boulder beetle (rolling).

Vanquished Creatures
  Josephine (D:11)
  An ice dragon (Lair:4)
  A catoblepas (Lair:4)
  2 hydras
  3 two-headed ogres
  6 death yaks
  Nergalle (D:11)
  A skyshark (Lair:5)
  Pikel (D:9)
  An orc knight (Bailey)
  Maurice (D:7)
  5 black mambas
  16 elephants
  2 torpor snails
  10 cane toads
  A rime drake (Lair:5)
  10 komodo dragons
  Jeremiah (Lair:1)
  A wind drake (Lair:5)
  Prince Ribbit (Lair:1)
  2 hornets
  2 polar bears
  14 blink frogs
  A shadow (D:11)
  3 basilisks
  9 wyverns
  7 wraiths
  65 yaks
  3 steam dragons
  11 vampire mosquitoes
  2 acid dragons (D:10)
  16 water moccasins
  A swamp drake (D:8)
  An orc warrior (D:8)
  A sky beast (D:6)
  2 black bears
  5 wolves (Lair:1)
  2 ogres
  5 centaurs
  3 lemures (D:9)
  11 bullfrogs
  3 kobold brigands
  A cane toad simulacrum (Lair:5)
  2 scorpions
  3 wights (D:9)
  An elephant simulacrum (Lair:5)
  36 killer bees
  4 electric eels
  A bombardier beetle (D:4)
  2 jellies
  5 hounds
  4 orc priests
  2 iguanas (D:6)
  An orc wizard (D:6)
  5 hell rats (Lair:1)
  2 polar bear simulacra (Lair:5)
  8 gnolls
  7 adders
  A shadow imp (D:5)
  2 ufetubi (D:6)
  A dart slug (D:3)
  2 ribbon worms (D:3)
  44 orcs
  11 endoplasms
  4 giant cockroaches
  16 goblins
  7 hobgoblins
  5 quokkas
  7 ball pythons
  5 bats
  15 kobolds
  5 rats
444 creatures vanquished.

Vanquished Creatures (collateral kills)
  3 yaks (D:6)
  Grum (Lair:1)
  A basilisk (Lair:1)
  A water moccasin (D:6)
  An orc warrior (D:6)
  2 wolves (Lair:1)
  A gnoll sergeant (D:6)
  3 wights (D:8)
  2 bombardier beetles
  An orc wizard (D:8)
  4 gnolls (D:6)
  An adder (D:6)
  A shadow imp (D:8)
  4 orcs
  A bat (D:3)
27 creatures vanquished.

Vanquished Creatures (others)
  A yak (Lair:1)
  A black bear (D:10)
  A crocodile (D:10)
3 creatures vanquished.

Grand Total: 474 creatures vanquished

Notes
Turn   | Place    | Note
-------+----------+-------------------------------------------
     0 | D:1      | ragingrage the Human Chaos Knight began the quest for the
                  | Orb.
     0 | D:1      | Reached XP level 1. HP: 18/18 MP: 1/1
   193 | D:1      | You fall into a shaft and drop 1 floor!
   290 | D:2      | XOM: silly message
   291 | D:2      | Reached skill level 1 in Stealth
   291 | D:2      | Reached XP level 2. HP: 24/24 MP: 2/2
   324 | D:2      | Reached XP level 3. HP: 17/29 MP: 3/3
   333 | D:2      | XOM: divination: magic mapping
   400 | D:2      | Found a glowing silver altar of Zin.
   418 | D:2      | Reached skill level 4 in Long Blades
   518 | D:1      | XOM: 1-stop teleportation journey
   969 | D:2      | Found a faded altar of an unknown god.
  1013 | D:2      | Reached XP level 4. HP: 35/35 MP: 4/4
  1058 | D:2      | XOM: give mutations
  1058 | D:2      | Gained mutation: Your spells are a little easier to cast,
                  | but a little less powerful. [Xom's mischief]
  1058 | D:2      | Gained mutation: You are somewhat resistant to further
                  | mutation. [Xom's mischief]
  1058 | D:2      | Gained mutation: Potions are less effective at restoring
                  | your health. [Xom's mischief]
  1058 | D:2      | Gained mutation: You occasionally lose the ability to read
                  | scrolls when taking damage. [Xom's mischief]
  1652 | D:3      | XOM: smoke on damage
  1710 | D:3      | XOM: 1-stop teleportation journey
  1733 | D:3      | XOM: 1-stop teleportation journey
  1735 | D:3      | XOM: summons 4 friendly demons
  1738 | D:3      | Reached skill level 5 in Long Blades
  1935 | D:3      | Reached XP level 5. HP: 41/41 MP: 5/5
  2002 | D:3      | XOM: give mutation
  2002 | D:3      | Lost mutation: You are somewhat resistant to further
                  | mutation. [Xom's mischief]
  2105 | D:3      | Learned a level 3 spell: Mephitic Cloud
  2236 | D:4      | Found a transporter.
  2323 | D:4      | Noticed an ogre
  2330 | D:4      | XOM: chaos upgrade
  2331 | D:4      | Killed an ogre
  2332 | D:4      | Reached skill level 1 in Conjurations
  2332 | D:4      | Reached skill level 1 in Air Magic
  2332 | D:4      | Reached skill level 1 in Alchemy
  2332 | D:4      | Reached XP level 6. HP: 38/47 MP: 6/6
  2404 | D:4      | Found a white marble altar of Elyvilon.
  2911 | D:4      | XOM: silly message
  3341 | D:4      | XOM: god gift: 42 gold pieces
  3391 | D:4      | Found a broken altar of Ashenzari.
  3392 | D:4      | Found a hide-covered altar of Uskayaw.
  3393 | D:4      | Found a basalt altar of Yredelemnul.
  3394 | D:4      | Found an ornate altar of the Wu Jian Council.
  3434 | D:4      | Found a transporter.
  3484 | D:4      | Reached XP level 7. HP: 27/52 MP: 7/7
  3486 | D:4      | XOM: divination: detect creatures
  3634 | D:5      | Entered Level 5 of the Dungeon
  3681 | D:5      | XOM: 1-stop teleportation journey
  3694 | D:5      | XOM: confuse monster(s)
  3701 | D:5      | Reached skill level 6 in Long Blades
  3744 | D:5      | XOM: god gift: black potion {god gift}
  3952 | D:5      | XOM: confuse monster(s)
  4150 | D:5      | Found an iron altar of Okawaru.
  4225 | D:5      | Found a staircase to the Ecumenical Temple.
  4273 | D:6      | XOM: divination: magic mapping
  4341 | D:6      | Reached skill level 1 in Spellcasting
  4443 | D:5      | XOM: smoke on damage
  4445 | D:5      | Reached XP level 8. HP: 45/58 MP: 9/9
  4531 | D:6      | Found Otydiw's Mail-Order Catalogue.
  4603 | D:6      | XOM: scenery: summon butterflies
  4716 | D:6      | XOM: summons 8 friendly demons
  4753 | D:6      | XOM: summons 5 hostile demons
  4754 | D:6      | Noticed an ice devil
  4765 | D:6      | XOM: chaos cloud
  4768 | D:6      | XOM: chaos cloud
  4769 | D:6      | an ice devil changed into a neqoxec
  4769 | D:6      | XOM: polymorph ice devil -> neqoxec
  5106 | D:6      | XOM: noise
  5108 | D:6      | XOM: swap monsters
  5136 | D:6      | Reached skill level 7 in Long Blades
  5231 | D:6      | Noticed a yak
  5232 | D:6      | Noticed a yak
  5235 | D:6      | Noticed a yak
  5238 | D:6      | Killed a yak
  5239 | D:6      | Reached skill level 8 in Long Blades
  5241 | D:6      | Killed a yak
  5244 | D:6      | Killed a yak
  5245 | D:6      | Reached skill level 9 in Long Blades
  5245 | D:6      | Reached XP level 9. HP: 49/63 MP: 12/12
  5388 | D:6      | XOM: cloud trail
  5495 | D:7      | XOM: noise
  5503 | D:7      | XOM: divination: magic mapping
  5508 | D:7      | XOM: enchant monster (good)
  5523 | D:7      | Reached skill level 10 in Long Blades
  5537 | D:7      | Found a hazy altar of Hepliaklqana.
  5537 | D:7      | XOM: 6-stop teleportation journey
  5567 | D:7      | XOM: 2-stop teleportation journey
  5602 | D:7      | XOM: god gift: 23 gold pieces
  5669 | D:7      | Identified the +0 shortbow of Moral Flaws {heavy, rPois
                  | Dex+4}
  5803 | D:7      | Noticed Maurice
  5832 | D:6      | XOM: scenery: create altars
  5857 | D:7      | XOM: scenery: create altars
  5945 | D:8      | Found a glowing silver altar of Zin.
  6007 | D:8      | Reached skill level 11 in Long Blades
  6110 | D:8      | XOM: give mutation
  6110 | D:8      | Gained mutation: You have a pair of small antennae on your
                  | head. [Xom's grace]
  6168 | D:8      | XOM: cloud trail
  6196 | D:7      | XOM: give mutations
  6196 | D:7      | Gained mutation: You passively map a small area around you.
                  | [Xom's grace]
  6196 | D:7      | Gained mutation: You expend magic power (3 MP) to
                  | strengthen your wands. [Xom's grace]
  6196 | D:7      | Gained mutation: You have a somewhat thin skeletal
                  | structure. (Dex +2, Stealth+) [Xom's grace]
  6196 | D:7      | Lost mutation: Your spells are a little easier to cast, but
                  | a little less powerful. [Xom's grace]
  6334 | D:8      | XOM: give mutations
  6334 | D:8      | Gained mutation: You are partially covered in large bone
                  | plates. (SH +4) [Xom's grace]
  6334 | D:8      | Gained mutation: You have sharp toenails. [Xom's grace]
  6383 | D:9      | Noticed a two-headed ogre
  6387 | D:9      | XOM: enchant monster (good)
  6393 | D:9      | XOM: summons 5 friendly demons
  6395 | D:9      | Killed a two-headed ogre
  6396 | D:9      | Reached skill level 12 in Long Blades
  6396 | D:9      | Reached XP level 10. HP: 46/70 MP: 13/13
  6479 | D:9      | XOM: polymorph kobold brigand -> black bear
  6546 | D:9      | XOM: confusion
  6608 | D:9      | XOM: summons 4 hostile demons
  6683 | D:9      | XOM: 7-stop teleportation journey
  6687 | D:9      | XOM: silly message
  6688 | D:9      | XOM: noise
  6713 | D:9      | XOM: silly message
  6727 | D:9      | XOM: potion effect (brilliance)
  6742 | D:9      | XOM: noise
  6746 | D:9      | XOM: noise
  6750 | D:9      | XOM: silly message
  6942 | D:10     | Entered Level 10 of the Dungeon
  6943 | D:10     | XOM: god gift: 16 gold pieces
  6958 | D:10     | Got Poskat's Incunabulum of the Shot
  7086 | D:10     | Identified the +7 flail of Cenouces {freeze, Dex+4}
  7098 | D:10     | Found a flagged portal.
  7123 | Bailey   | Entered a bailey
  7146 | Bailey   | Reached skill level 13 in Long Blades
  7205 | Bailey   | Noticed an orc knight
  7355 | Bailey   | XOM: silly message
  7366 | Bailey   | Killed an orc knight
  7480 | Bailey   | XOM: silly message
  7679 | D:10     | XOM: silly message
  7916 | D:10     | XOM: silly message
  7940 | D:10     | Paralysed by a centaur for 3 turns
  8032 | D:10     | Found an ancient bone altar of Kikubaaqudgha.
  8041 | D:10     | XOM: noise
  8136 | D:10     | XOM: swap monsters
  8138 | D:10     | XOM: swap monsters
  8148 | D:10     | XOM: stat loss: -1 Dex (24/25)
  8158 | D:10     | Reached XP level 11. HP: 66/75 MP: 14/16
  8159 | D:10     | XOM: chaos cloud
  8169 | D:10     | a yak changed into a two-headed ogre
  8169 | D:10     | Noticed a two-headed ogre
  8169 | D:10     | XOM: polymorph yak -> two-headed ogre
  8343 | D:10     | XOM: god gift: +6 triple sword of holy wrath
  8352 | D:10     | Learned a level 4 spell: Manifold Assault
  8357 | D:10     | Learned a level 4 spell: Vhi's Electric Charge
  8693 | D:10     | XOM: silly message
  8746 | D:9      | Noticed Pikel
  8767 | D:9      | XOM: divination: magic mapping
  8769 | D:9      | Killed Pikel
  8770 | D:9      | Reached skill level 5 in Dodging
  8770 | D:9      | Reached skill level 5 in Alchemy
  8792 | D:9      | XOM: divination: detect items
  9221 | D:8      | XOM: 7-stop teleportation journey
  9235 | D:8      | XOM: 6-stop teleportation journey
  9490 | D:8      | XOM: give mutations
  9490 | D:8      | Gained mutation: You are partially covered in iridescent
                  | scales. (AC +2) [Xom's grace]
  9490 | D:8      | Gained mutation: Your movements are slightly less
                  | encumbered by armour. (ER -2) [Xom's grace]
  9490 | D:8      | Gained mutation: You have a moderately thin skeletal
                  | structure. (Dex +4, Stealth++) [Xom's grace]
  9490 | D:8      | Gained mutation: You are mostly covered in iridescent
                  | scales. (AC +4) [Xom's grace]
  9526 | D:8      | XOM: give mutations
  9526 | D:8      | Gained mutation: You are robust. (+10% HP) [Xom's grace]
  9526 | D:8      | Gained mutation: You passively map the area around you.
                  | [Xom's grace]
  9526 | D:8      | Gained mutation: You are agile. (Dex +4, Str/Int -1) [Xom's
                  | grace]
  9526 | D:8      | Gained mutation: You are completely covered in iridescent
                  | scales. (AC +6) [Xom's grace]
  9527 | D:8      | XOM: fake destruction
  9528 | D:8      | Found a staircase to the Lair.
  9536 | D:8      | XOM: 3-stop teleportation journey
  9577 | D:8      | XOM: give mutation
  9577 | D:8      | Gained mutation: Your flesh is cold resistant. (rC+) [Xom's
                  | grace]
  9649 | D:8      | XOM: summons 2 friendly demons
  9656 | D:8      | XOM: divine lightning
  9699 | D:8      | Identified the +1 dagger of Kismet {freeze, +Blink rC+
                  | Int+2}
 10005 | D:8      | XOM: scenery: summon butterflies
 10017 | D:8      | XOM: confuse monster(s)
 10047 | D:8      | XOM: summons friendly iron imp
 10053 | D:8      | XOM: potion effect (brilliance)
 10078 | D:8      | XOM: give mutation
 10078 | D:8      | Lost mutation: You are robust. (+10% HP) [Xom's mischief]
 10193 | D:8      | XOM: divination: detect creatures
 10304 | D:7      | XOM: noise
 10390 | D:7      | Maurice stole a ring of ice
 10393 | D:7      | Killed Maurice
 10463 | D:7      | XOM: fog
 10528 | D:7      | XOM: give mutations
 10528 | D:7      | Lost mutation: You are agile. (Dex +4, Str/Int -1) [Xom's
                  | mischief]
 10528 | D:7      | Lost mutation: You are completely covered in iridescent
                  | scales. (AC +6) [Xom's mischief]
 10528 | D:7      | Lost mutation: You have a pair of small antennae on your
                  | head. [Xom's mischief]
 10528 | D:7      | Lost mutation: You have a moderately thin skeletal
                  | structure. (Dex +4, Stealth++) [Xom's mischief]
 10636 | Lair:1   | Entered Level 1 of the Lair of Beasts
 10651 | Lair:1   | XOM: summons friendly iron imp
 10699 | Lair:1   | Noticed Jeremiah
 10706 | Lair:1   | Killed Jeremiah
 10707 | Lair:1   | Reached skill level 14 in Long Blades
 10891 | Lair:1   | XOM: god gift: 49 gold pieces
 10965 | Lair:1   | XOM: enchant monster (good)
 11020 | Lair:1   | XOM: summons 11 friendly demons
 11020 | Lair:1   | Noticed Grum
 11030 | Lair:1   | XOM: summons 8 friendly demons
 11043 | Lair:1   | Killed Grum
 11070 | Lair:1   | XOM: give mutation
 11070 | Lair:1   | Gained mutation: You have an increased reservoir of magic.
                  | (+10% MP) [Xom's grace]
 11157 | Lair:1   | XOM: divine lightning
 11219 | Lair:1   | Reached XP level 12. HP: 62/81 MP: 19/19
 11223 | Lair:1   | Learned a level 3 spell: Fugue of the Fallen
 11294 | Lair:1   | Reached skill level 1 in Translocations
 11391 | Lair:1   | XOM: scenery: create altars
 11424 | Lair:1   | Noticed a death yak
 11426 | Lair:1   | Noticed a death yak
 11431 | Lair:1   | XOM: scenery: 1 doors open
 11443 | Lair:1   | Killed a death yak
 11490 | Lair:2   | Found a transporter.
 11531 | Lair:2   | Noticed a seven-headed hydra
 11535 | Lair:2   | Found a transporter.
 11557 | Lair:2   | XOM: divination: detect items
 11559 | Lair:2   | XOM: cleaving
 11579 | Lair:1   | Reached skill level 15 in Long Blades
 11589 | Lair:2   | Noticed Prince Ribbit
 11590 | Lair:2   | XOM: divination: detect creatures
 11601 | Lair:1   | Killed Prince Ribbit
 11614 | Lair:2   | XOM: fog
 11614 | Lair:2   | XOM: butterfly on damage
 11692 | Lair:2   | Killed a seven-headed hydra
 11799 | Lair:2   | Reached skill level 5 in Translocations
 11799 | Lair:2   | XOM: cleaving
 11871 | Lair:2   | XOM: cloud trail
 12057 | Lair:2   | XOM: give mutations
 12057 | Lair:2   | Lost mutation: You have a somewhat thin skeletal structure.
                  | (Dex +2, Stealth+) [Xom's mischief]
 12057 | Lair:2   | Lost mutation: You are mostly covered in iridescent scales.
                  | (AC +4) [Xom's mischief]
 12057 | Lair:2   | Gained mutation: You occasionally shout uncontrollably at
                  | your foes. [Xom's mischief]
 12057 | Lair:2   | Lost mutation: Your flesh is cold resistant. (rC+) [Xom's
                  | mischief]
 12136 | Lair:2   | XOM: enchant monster (good)
 12745 | D:6      | Bought the +5 ring mail of the Enormous God {rN+ Regen+
                  | Dex-2 SInv} for 603 gold pieces
 12914 | Lair:3   | XOM: butterfly on damage
 12970 | Lair:3   | XOM: give mutations
 12970 | Lair:3   | Lost mutation: Potions are less effective at restoring your
                  | health. [Xom's mischief]
 12970 | Lair:3   | Lost mutation: You have sharp toenails. [Xom's mischief]
 12970 | Lair:3   | Lost mutation: You have an increased reservoir of magic.
                  | (+10% MP) [Xom's mischief]
 12970 | Lair:3   | Lost mutation: Your movements are slightly less encumbered
                  | by armour. (ER -2) [Xom's mischief]
 13018 | Lair:3   | XOM: summons friendly white imp
 13052 | Lair:3   | Noticed a six-headed hydra
 13061 | Lair:3   | XOM: divination: detect creatures
 13065 | Lair:3   | Identified the +1 buckler "Tuxe" {rElec Will+ Str-4 Int+3}
                  | (Xom gifted it to you on level 3 of the Lair of Beasts)
 13065 | Lair:3   | XOM: god gift: +1 buckler "Tuxe" {rElec Will+ Str-4 Int+3}
 13075 | Lair:3   | XOM: cast spell 'Fugue of the Fallen'
 13087 | Lair:3   | Killed a 14-headed hydra
 13229 | Lair:3   | XOM is BORED!
 13233 | Lair:3   | Found a staircase to the Shoals.
 13282 | Lair:3   | Reached skill level 16 in Long Blades
 13369 | Lair:3   | XOM: enchant monster (bad)
 13384 | Lair:3   | XOM: enchant monster (bad)
 13518 | Lair:3   | Found a hole to the Spider Nest.
 13524 | Lair:3   | XOM: silly message
 13541 | Lair:3   | XOM: chaos cloud
 13545 | Lair:3   | Reached XP level 13. HP: 83/86 MP: 19/19
 13666 | Lair:3   | XOM: summons 6 hostile demons
 14033 | Lair:3   | XOM: give mutations
 14033 | Lair:3   | Gained mutation: You occasionally lose the ability to drink
                  | potions when taking damage. [Xom's mischief]
 14033 | Lair:3   | Lost mutation: You are partially covered in iridescent
                  | scales. (AC +2) [Xom's mischief]
 14033 | Lair:3   | Gained mutation: Your spells are a little easier to cast,
                  | but a little less powerful. [Xom's mischief]
 14033 | Lair:3   | Gained mutation: You have hidden genetic defects. [Xom's
                  | mischief]
 14359 | Lair:4   | XOM: 1-stop teleportation journey
 14488 | Lair:4   | Found a viscous altar of Jiyva.
 14488 | Lair:4   | Found a staircase to the Slime Pits.
 14516 | Lair:4   | XOM: confusion (+ monsters)
 14517 | Lair:4   | XOM: swap monsters
 14520 | Lair:4   | a skyshark changed into an ice dragon
 14520 | Lair:4   | Noticed an ice dragon
 14520 | Lair:4   | XOM: polymorph skyshark -> ice dragon
 14522 | Lair:4   | XOM: torment (46/86 hp)
 14526 | Lair:4   | XOM: summons 3 hostile demons
 14529 | Lair:4   | Killed an ice dragon
 14541 | Lair:4   | XOM: cloud trail
 14739 | Lair:4   | XOM: confuse monster(s)
 14921 | Lair:4   | XOM: fog
 14952 | Lair:4   | XOM: potion effect (might)
 14966 | Lair:4   | XOM: scenery: summon butterflies
 14966 | Lair:4   | Gained mutation: Your body sometimes deteriorates upon
                  | taking damage. [hidden defects]
 15166 | Lair:4   | XOM: confuse monster(s)
 15185 | Lair:4   | Reached skill level 17 in Long Blades
 15190 | Lair:4   | XOM: confuse monster(s)
 15195 | Lair:4   | XOM: silly message
 15213 | Lair:4   | Gained mutation: Armour fits poorly on your strangely
                  | shaped body. [hidden defects]
 15213 | Lair:4   | Lost mutation: You have hidden genetic defects. [hidden
                  | defects expressed]
 15893 | D:10     | XOM: noise
 16023 | D:11     | Identified the +10 great sword of Light {flame, *Noise rC+
                  | rN+} (Xom gifted it to you on level 11 of the Dungeon)
 16023 | D:11     | XOM: god gift: +10 great sword of Light {chaos, *Noise rC+
                  | rN+}
 16261 | D:11     | XOM: give mutations
 16261 | D:11     | Lost mutation: You expend magic power (3 MP) to strengthen
                  | your wands. [Xom's mischief]
 16261 | D:11     | Gained mutation: Your health recovers twice as slowly from
                  | being drained. [Xom's mischief]
 16261 | D:11     | Lost mutation: Armour fits poorly on your strangely shaped
                  | body. [Xom's mischief]
 16261 | D:11     | Gained mutation: Your muscles are strong. (Str +4, Int/Dex
                  | -1) [Xom's mischief]
 16269 | D:11     | Noticed Josephine
 16283 | D:11     | Killed Josephine
 16284 | D:11     | Reached skill level 10 in Translocations
 16385 | D:11     | XOM: give mutations
 16385 | D:11     | Gained mutation: You are clumsy. (Dex -2) [Xom's mischief]
 16385 | D:11     | Lost mutation: You occasionally lose the ability to read
                  | scrolls when taking damage. [Xom's mischief]
 16525 | D:11     | XOM: give mutations
 16525 | D:11     | Lost mutation: Your health recovers twice as slowly from
                  | being drained. [Xom's mischief]
 16525 | D:11     | Lost mutation: Your spells are a little easier to cast, but
                  | a little less powerful. [Xom's mischief]
 16525 | D:11     | Lost mutation: You occasionally shout uncontrollably at
                  | your foes. [Xom's mischief]
 16812 | D:11     | XOM: smoke on damage
 16923 | D:11     | Noticed Nergalle
 16928 | D:11     | XOM: confuse monster(s)
 16941 | D:11     | Killed Nergalle
 17026 | D:10     | XOM: give mutations
 17026 | D:10     | Gained mutation: A frigid envelope surrounds you and
                  | freezes all who hurt you. [Xom's grace]
 17026 | D:10     | Gained mutation: Your system is resistant to poisons.
                  | (rPois) [Xom's grace]
 17026 | D:10     | Gained mutation: Your spells are a little harder to cast,
                  | but a little more powerful. [Xom's grace]
 17322 | Lair:1   | XOM: silly message
 17443 | Lair:1   | XOM: confusion (+ monsters)
 17446 | Lair:1   | Reached skill level 18 in Long Blades
 17446 | Lair:1   | Reached XP level 14. HP: 93/93 MP: 20/20
 17460 | Lair:1   | XOM: potion effect (berserk rage)
 17476 | Lair:1   | XOM: noise
 17482 | Lair:1   | XOM: give mutations
 17482 | Lair:1   | Gained mutation: You occasionally shout uncontrollably at
                  | your foes. [Xom's mischief]
 17482 | Lair:1   | Lost mutation: Your system is resistant to poisons. (rPois)
                  | [Xom's mischief]
 17482 | Lair:1   | Lost mutation: Your body sometimes deteriorates upon taking
                  | damage. [Xom's mischief]
 17484 | Lair:1   | XOM: confuse monster(s)
 17754 | Lair:4   | Identified the staff "Juck" {rC+ Int+3 Ice}
 17794 | Lair:4   | XOM: god gift: sling {god gift}
 18014 | Lair:5   | Entered Level 5 of the Lair of Beasts
 18019 | Lair:5   | XOM: confusion
 18026 | Lair:5   | XOM: summons 4 hostile demons
 18037 | Lair:5   | XOM: enchant monster (good)
 18041 | Lair:5   | Noticed Rupert
 18202 | Lair:5   | XOM: cleaving
 18210 | Lair:5   | XOM: scenery: create altars
 18313 | Lair:5   | XOM: butterfly on damage
 18336 | Lair:5   | XOM: 1-stop teleportation journey
 18350 | Lair:5   | XOM: potion effect (heal wounds)
 18358 | Lair:5   | Reached skill level 19 in Long Blades
 18386 | Lair:5   | XOM: scenery: create altars
 18429 | Lair:5   | XOM: enchant monster (good)
 18430 | Lair:5   | Reached skill level 1 in Necromancy
 18439 | Lair:5   | Found a frozen archway.
 18463 | Lair:5   | Slain by a boulder beetle

Illustrated notes

Levels and vault maps discovered:
D:1:      ncdulo_wetmaze, layout_basic, chequers_serial_rivers_room_a,
          roderic_three_in_a_row
D:2:      layout_loops_cross, ebering_ecumenical_altar_sacrificial, basic_altar
D:3:      layout_rooms
D:4:      gammafunk_steamed_eel, layout_gridville, mainiacjoe_overflow_alcove_3,
          mainiacjoe_overflow_catwalk, minmay_goblin_outpost
D:5:      layout_basic, okawaru_trees_1, minmay_temple_entry_fiery
D:6:      layout_rooms, monkooky_shop_mail_order
D:7:      layout_basic, old_standard_altar, minmay_misc_feat_rows,
          minmay_circle_x, uniq_maurice
D:8:      layout_layer_cave, mainiacjoe_overflow_paths, erik_lair_dragon
D:9:      layout_loops_cross, uniq_pikel
D:10:     layout_basic, nicolae_kikubaaqudgha_miasma_corner, enter_bailey_3,
          corexii_hall_statues_u, roderic_lattice_a
D:11:     layout_basic, uniq_josephine, uniq_nergalle
Lair:1:   layout_regular_city, serial_bayou_pond_d,
          dreamdust_deal_with_the_devil, cheibrodos_lair_caveside_slide,
          nicolae_lair_grazing_beasts [nicolae_sub_lair_graze_edge,
          nicolae_sub_lair_graze_edge, nicolae_sub_lair_graze_edge,
          nicolae_sub_lair_graze_edge], grunt_megastairs_5,
          serial_bayou_shore_a, uniq_jeremiah, uniq_grum
Lair:2:   gammafunk_worm_tunnel, layout_regular_city, uniq_prince_ribbit2
Lair:3:   layout_concentric_octagons, elwin_shoals_entry_rocks,
          spider_nest_entry_web_field, minmay_holes, grunt_megastairs_2
Lair:4:   wad_woods_minihive, layout_gridlike, dpeg_slime_entry_enclosed,
          chequers_serial_rivers_large_a
Lair:5:   gammafunk_lair_ancient_temple, layout_big_grid,
          portal_ice_cave_entry_ice_simulacra, nzn_masters_of_martial_movement,
          infiniplex_staircase_pool_2, uniq_rupert

Skill      XL: |  1  2  3  4  5  6  7  8  9 10 11 12 13 14 |
---------------+-------------------------------------------+-----
Stealth        | 1 2 |  2.0
Long Blades    | 4 5 6 9 12 13 14 16 18 19 | 19.2
Conjurations   | 1 2 3 4 |  4.0
Air Magic      | 1 2 3 4 |  4.0
Alchemy        | 1 2 3 4 5 |  5.0
Spellcasting   | 1 2 3 4 |  4.0
Dodging        | 4 8 |  8.2
Translocations | 7 10 | 10.0
Necromancy     | 1 |  1.3
Fighting       | |  3.4
Armour         | |  2.5

Action                     |  1- 3 |  4- 6 |  7- 9 | 10-12 | 13-15 || total
---------------------------+-------+-------+-------+-------+-------++-------
  Melee: Falchion          |    86 |   135 |    21 |       |       ||   242
         Long sword        |       |       |   166 |       |       ||   166
         Dagger            |       |       |    14 |    18 |       ||    32
         Scimitar          |       |       |    27 |   161 |       ||   188
         Kick              |       |       |     9 |   161 |       ||   170
         Triple sword      |       |       |       |   305 |   533 ||   838
   Fire: Shortbow          |       |       |     8 |     3 |       ||    11
  Throw: Dart              |       |    16 |    18 |    19 |       ||    53
   Cast: Mephitic Cloud    |       |       |     1 |    16 |     3 ||    20
         Manifold Assault  |       |       |       |     1 |    96 ||    97
  Evoke: Wand              |       |       |       |     3 |     4 ||     7
    Use: Scroll            |     1 |     1 |     2 |    12 |     8 ||    24
         Potion            |       |       |       |       |     2 ||     2
   Stab: Sleeping          |     1 |     3 |     5 |     8 |       ||    17
         Confused          |       |     1 |     2 |     9 |     2 ||    14
         Petrified         |       |       |     2 |     1 |       ||     3
         Paralysed         |       |       |       |     4 |       ||     4
         Distracted        |       |       |       |     4 |     1 ||     5
         Invisible         |       |       |       |       |    13 ||    13
         Petrifying        |       |       |       |       |     1 ||     1
 Armour: Leather armour    |    71 |    90 |   105 |   201 |       ||   467
         Ring mail         |       |       |       |    54 |   263 ||   317
  Dodge: Dodged            |    63 |    91 |   173 |   567 |   449 ||  1343
  Block: Other             |       |       |     2 |    90 |    72 ||   164

Table legend: (Time is in decaauts)
 A = Elapsed time spent in this place.
 B = Non-inter-level travel time spent in this place.
 C = Inter-level travel time spent in this place.
 D = Time resting spent in this place.
 E = Time spent auto-exploring this place.
 F = Levels seen in this place.
 G = Mean time per level.
                   A        B        C        D        E       F      G
               +--------+--------+--------+--------+--------+-----+--------+
         Total |  18503 |  16946 |   1557 |   1908 |  10579 |  17 | 1088.4 |
       Dungeon |  11852 |  10596 |   1256 |   1314 |   6642 |  11 | 1077.5 |
          Lair |   6245 |   5945 |    300 |    590 |   3685 |   5 | 1249.0 |
        Bailey |    405 |    405 |      0 |      4 |    251 |   1 |  405.0 |
               +--------+--------+--------+--------+--------+-----+--------+

Top non-repeatable levels by time:
  Lair:4: 2091 daAuts
     D:8: 1865 daAuts
    D:10: 1509 daAuts
  Lair:1: 1340 daAuts
  Lair:3: 1297 daAuts
     D:4: 1191 daAuts
  Lair:2: 1180 daAuts
     D:9: 1079 daAuts
    D:11: 1010 daAuts
     D:2: 920 daAuts
     D:3: 915 daAuts
     D:5: 901 daAuts
     D:7: 886 daAuts
     D:6: 858 daAuts
     D:1: 714 daAuts
